 Dungeon Crawl Stone Soup version 0.30-a0-760-g5a9884bb7c (webtiles) character file.

Game seed: 701385818844385632

99 dolemite99 the Magician (level 5, -7/35 HPs)
             Began as a Djinni Earth Elementalist on Feb 11, 2023.
             Killed by nerve-wracking pain
             ... invoked by Grinder
              (11 damage)
             ... on level 3 of the Dungeon.
             The game lasted 00:05:42 (1651 turns).

dolemite99 the Magician (Djinni Earth Elementalist) Turns: 1651, Time: 00:05:43

Health: -7/35      AC:  3    Str:  7    XL:     5   Next: 2%
Gold:   39         EV: 12    Int: 19    God:
                   SH:  0    Dex: 13

rFire   + + .      SeeInvis .    (no weapon)
rCold   x . .      Faith    .    (no shield)
rNeg    . . .      Spirit   .    a - +0 robe
rPois   ∞          Reflect  .    (no helmet)
rElec   .          Harm     .    (no cloak)
rCorr   .          Rampage  .    j - +0 pair of gloves
Will    .....                    (boots unavailable)
Stlth   ++                       (no amulet)
HPRegen 0.25/turn                (no ring)
MPRegen 0.00/turn                (no ring)

@: brilliant, flying
A: sickness immunity, fire resistance 2, cold vulnerability 1, float, innate
caster, HP casting, extra vitality 1
a: no special abilities


You were on level 3 of the Dungeon.
You visited 1 branch of the dungeon, and saw 3 of its levels.

You collected 39 gold pieces.

Inventory:

Hand Weapons
 e - a +0 sling
 h - a +0 sling
 n - a +0 sling
Missiles
 k - 2 poisoned darts
Armour
 a - a +0 robe (worn)
 j - a +0 pair of gloves (worn)
Scrolls
 g - a scroll of identify {unknown}
 i - a scroll of fear
 l - a scroll of enchant weapon {unknown}
 m - a scroll of teleportation {unknown}
Potions
 b - 3 potions of magic
 c - a potion of mutation {unknown}
 d - a potion of berserk rage {unknown}


   Skills:
 - Level 2.1 Dodging
 - Level 1.5 Stealth
 + Level 4.1 Spellcasting


You couldn't memorise any spells.
You knew the following spells:

 Your Spells              Type           Power      Damage    Failure   Level
a - Sandblast             Erth           58%        2d13      2%          1
b - Stone Arrow           Conj/Erth      58%        3d10      8%          3
c - Passwall              Tmut/Erth      24%        N/A       3%          2
d - Petrify               Tmut/Erth      29%        N/A       24%         4
e - Apportation           Tloc           58%        N/A       2%          1
f - Ensorcelled Hibernat  Hex/Ice        58%        N/A       3%          2
Your spell library was empty.

Dungeon Overview and Level Annotations

Branches:
Dungeon (3/15)

Altars:

Annotations:
D:2 Sigmund
D:3 Grinder


Innate Abilities, Weirdness & Mutations

You are immune to sickness and miasma.
You are immune to poison.
Your flesh is very heat resistant. (rF++)
You are vulnerable to cold. (rC-)
You float through the air rather than walking.
You learn spells naturally, not from books.
Your magical power is your life essence.
You have superior vitality. (+4 MHP)


Message History

Aim: Grinder (heavily wounded, 80% to hit)
The blast of sand hits Grinder but does no damage.
Grinder is heavily wounded.
Grinder hits you.
You writhe in agony.
Casting: Sandblast (safe; 2% risk of failure)
Confirm with . or Enter, or press ? or * to list all spells.
Aiming: Sandblast (safe; 2% risk of failure)
Press: ? - help, Shift-Dir - straight line, f/p - Grinder
Aim: Grinder (heavily wounded, 80% to hit)
The blast of sand misses Grinder.
Grinder blinks!
Grinder is nearby!
Casting: Sandblast (safe; 2% risk of failure)
Confirm with . or Enter, or press ? or * to list all spells.
Aiming: Sandblast (safe; 2% risk of failure)
Press: ? - help, Shift-Dir - straight line, f/p - Grinder
Aim: Grinder (heavily wounded, 80% to hit)
The blast of sand hits Grinder.
Grinder is severely wounded.
Grinder gestures at you.
You suddenly lose the ability to move!
Grinder hits you!
You writhe in agony.
Grinder hits you.
* * * LOW HITPOINT WARNING * * *
You can move again.
Casting: Sandblast (safe; 2% risk of failure)
Confirm with . or Enter, or press ? or * to list all spells.
Aiming: Sandblast (safe; 2% risk of failure)
Press: ? - help, Shift-Dir - straight line, f/p - Grinder
Aim: Grinder (severely wounded, 80% to hit)
The blast of sand hits Grinder.
Grinder is severely wounded.
* * * LOW HITPOINT WARNING * * *
Grinder says, "FISH!"
Grinder hits you.
* * * LOW HITPOINT WARNING * * *
It was a potion of brilliance.
You feel clever all of a sudden. Grinder gestures at you.
Pain shoots through your body!
You die...

#..#.###.#..##......
#..#................
..#...#.#..##...... #.
.#.................
#.#.#....#.#..........
#.#.#<...#.#..#.#.....
#.#.##........#.#.....
#.#.##..†#....#.#..... #
#...5@................
####.##..###..÷#..#.#.......
#...........................
###.##?.###...#............
##.# #................
#.###5###...#............
#...........###..##...#..
#####.####..# #..##......
.........###..##...#..


You could see Grinder.

Vanquished Creatures
  A hound (D:3)
  Jessica (D:2)
  An adder (D:3)
  2 worms
  3 ball pythons
  3 endoplasms
  A giant cockroach (D:1)
  4 goblins
  3 hobgoblins
  2 jackals (D:2)
  3 quokkas (D:1)
  A frilled lizard (D:3)
  A kobold (D:1)
  2 rats
28 creatures vanquished.

Notes
Turn   | Place    | Note
-------+----------+-------------------------------------------
     0 | D:1      | dolemite99 the Djinni Earth Elementalist began the quest
                  | for the Orb.
     0 | D:1      | dolemite99 set off with the following spells memorised:
                  | Sandblast, Passwall, Stone Arrow, Petrify.
     0 | D:1      | Reached XP level 1. HP: 15/15 MP: 0/0
   173 | D:1      | Reached XP level 2. HP: 19/21 MP: 0/0
   440 | D:1      | Reached skill level 3 in Spellcasting
  1011 | D:2      | Noticed Jessica
  1020 | D:2      | Killed Jessica
  1021 | D:2      | Reached XP level 3. HP: 22/25 MP: 0/0
  1021 | D:2      | Learned a level 1 spell: Apportation
  1120 | D:2      | Noticed Sigmund
  1176 | D:2      | Reached XP level 4. HP: 27/31 MP: 0/0
  1443 | D:3      | Reached skill level 4 in Spellcasting
  1602 | D:3      | Reached XP level 5. HP: 34/35 MP: 0/0
  1602 | D:3      | Learned a level 2 spell: Ensorcelled Hibernation
  1634 | D:3      | Noticed Grinder
  1646 | D:3      | Paralysed by Grinder for 4 turns
  1651 | D:3      | Killed from afar by Grinder

Illustrated notes

Levels and vault maps discovered:
D:1:      minmay_arrival_split_and_join, layout_basic
D:2:      layout_rooms, uniq_sigmund, uniq_jessica
D:3:      minmay_chambers_of_threes, layout_basic, serial_shops, shop,
          hellmonk_ecumenical_altar_lost_god, st_stairs_1, uniq_grinder

Skill      XL: |  1  2  3  4 |
---------------+-------------+-----
Spellcasting   | 3 4 |  4.1
Dodging        | |  2.1
Stealth        | |  1.5

Action                     |  1- 3 |  4- 6 || total
---------------------------+-------+-------++-------
   Cast: Sandblast         |    33 |    25 ||    58
    Use: Scroll            |     3 |       ||     3
         Potion            |       |     1 ||     1
 Armour: Robe              |     9 |     3 ||    12
  Dodge: Dodged            |    14 |    14 ||    28

Table legend: (Time is in decaauts)
 A = Elapsed time spent in this place.
 B = Non-inter-level travel time spent in this place.
 C = Inter-level travel time spent in this place.
 D = Time resting spent in this place.
 E = Time spent auto-exploring this place.
 F = Levels seen in this place.
 G = Mean time per level.
                   A        B        C        D        E       F      G
               +--------+--------+--------+--------+--------+-----+--------+
         Total |   1679 |   1602 |     77 |    486 |    735 |   3 |  559.7 |
       Dungeon |   1679 |   1602 |     77 |    486 |    735 |   3 |  559.7 |
               +--------+--------+--------+--------+--------+-----+--------+

Top non-repeatable levels by time:
     D:1: 974 daAuts
     D:2: 477 daAuts
     D:3: 227 daAuts
